 Dungeon Crawl Stone Soup version 0.31.0-11-ge490571c62 (webtiles) character file.

Game seed: 13998832107173350321

34895 hawla the Cruncher (level 13, -1/113 HPs)
             Began as a Minotaur Berserker on Jan 30, 2024.
             Was a High Priest of Trog.
             Slain by a death yak (14 damage)
             ... on level 4 of the Lair of Beasts.
             The game lasted 00:36:04 (14629 turns).

hawla the Cruncher (Minotaur Berserker)            Turns: 14629, Time: 00:36:06

Health: -1/113     AC: 21    Str: 26    XL:     13   Next: 44%
Magic:  12/12      EV: 11    Int:  4    God:    Trog [*****.]
Gold:   478        SH:  0    Dex: 11    Spells: 12/12 levels left

rFire   + . .        x - +7 war axe
rCold   x . .        (no shield)
rNeg    . . .        s - +0 plate armour
rPois   .            (helmet restricted)
rElec   .            (no cloak)
rCorr   .            S - +0 pair of gloves
SInv    .            w - +2 pair of boots
Will    ++...        (no amulet) Stlth
                     r - ring of fire
HPRegen 1.38/turn    j - +4 ring of slaying
MPRegen 0.13/turn

%: no passive effects
@: strong-willed, regenerating
A: horns 2, retaliatory headbutt, inability to read after injury 1
a: Renounce Religion, Berserk, Trog's Hand, Brothers in Arms


You were on level 4 of the Lair of Beasts.
You worshipped Trog.
Trog was extremely pleased with you.
You visited 2 branches of the dungeon, and saw 17 of its levels.

You collected 958 gold pieces.
You spent 480 gold pieces at shops.

Inventory:

Hand Weapons
 o - the +10 quarterstaff "Dragonbane" {freeze, rPois Dex+3}
   (You found it on level 3 of the Dungeon)

   Dex+3:     It affects your dexterity (+3).
   rPois:     It protects you from poison
 x - a +7 war axe (weapon)
 E - a +3 quarterstaff of flaming
 J - a +6 lajatang
 P - a +5 antimagic quarterstaff
Missiles
 d - 48 poisoned darts (quivered)
 q - a curare-tipped dart
 G - a throwing net
Armour
 s - a +0 plate armour (worn)
 w - a +2 pair of boots (worn)
 S - a +0 pair of gloves (worn)
Jewellery
 b - a +4 ring of protection
 g - a ring of willpower
 h - a ring of willpower
 j - a +4 ring of slaying (right hand)
 k - a +6 ring of dexterity
 r - a ring of fire (left hand)
 C - the amulet of the Enemy {Reflect rPois rF- rCorr SH+5}
   (You acquired it on level 2 of the Lair of Beasts)

   [amulet of reflection]

   Reflect:   It reflects blocked missile attacks.
   rF-:       It makes you vulnerable to fire.
   rPois:     It protects you from poison rCorr: It protects you from acid and
   corrosion.
   SH+5:      It affects your SH (+5).
 V - an amulet of the acrobat
Wands
 p - a wand of charming (6)
 y - a wand of flame (12)
 D - a wand of roots (7)
 L - a wand of digging (4)
 U - a wand of mindburst (7)
Scrolls
 e - 2 scrolls of fear
 l - 3 scrolls of blinking
 m - 2 scrolls of teleportation
 u - a scroll of torment
 v - a scroll of silence
 A - a scroll of fog
 B - 4 scrolls of poison
 F - a scroll of noise {unknown}
 H - a scroll of summoning
 R - a scroll of identify
Potions
 c - 2 potions of enlightenment
 f - 12 potions of curing
 i - 7 potions of lignification
 n - a potion of haste
 t - a potion of cancellation
 z - 2 potions of might
 I - 3 potions of resistance
 K - a potion of mutation
 N - a potion of experience {unknown}
 O - 2 potions of attraction
 Q - 2 potions of berserk rage
 T - a potion of magic {unknown}
Miscellaneous
 M - a phantom mirror (inert)


   Skills:
 - Level 10.0 Fighting
 + Level 11.0 Axes
 - Level 14.0 Staves
 - Level 6.0 Throwing
 - Level 14.0 Armour
 - Level 10.0 Dodging
 - Level 5.0 Evocations


You had 12 spell levels left.
You didn't know any spells.
Your spell library was empty.

Dungeon Overview and Level Annotations

Branches:
Dungeon (13/15)            Temple (0/1) D:6            Lair (4/5) D:9
 Shoals (0/4) Lair:3        Snake (0/4) Lair:2        Slime (0/5) Lair:4
    Orc (0/2) D:9
 Vaults: D:13-14

Altars:
Dithmenos
Sif Muna
Uskayaw
The Shining One
Jiyva

Annotations:
D:3 2 transporters, reddragon77's ghost, amateur HOFE
Lair:4 exclusion: oklob plant


Innate Abilities, Weirdness & Mutations

You have a pair of horns on your head.
You reflexively headbutt those who attack you in melee.
You occasionally lose the ability to read scrolls when taking damage.


Message History

The death yak gores you!
You hit the death yak.
The death yak is moderately wounded.
You completely miss the death yak. The death yak barely misses you.
The death yak barely misses you. The death yak closely misses you.
The death yak barely misses you.
You see here a death yak corpse.
You slash the death yak!
The death yak is moderately wounded.
You slash the death yak! x2; The death yak gores you!
The death yak gores you but does no damage.
The death yak barely misses you.
You slash the death yak! You headbutt the death yak.
The death yak is moderately wounded.
You barely miss the death yak. You hit the death yak.
The death yak barely misses you. The death yak gores you! x2
* * * LOW HITPOINT WARNING * * *
Okay, then.
You slash the death yak! You headbutt the death yak.
The death yak is severely wounded.
You slash the death yak! x2
The death yak gores you but does no damage.
The death yak gores you.
* * * LOW HITPOINT WARNING * * *
The death yak closely misses you.
You slash the death yak!
The death yak is almost dead.
You barely miss the death yak. You hit the death yak.
The death yak gores you but does no damage. x2
The death yak gores you!!
* * * LOW HITPOINT WARNING * * *
Okay, then.
Your skin crawls.
You feel strong-willed. The death yak barely misses you.
You furiously retaliate!
You headbutt the death yak!
You kill the death yak!
Trog accepts your kill. The death yak gores you!
You die...

*,******,,,,,,,,,***,
*,,,,,,,,,,....,,,***
*,,,,,,***,....,,,**,
*,,,,,,***.....,,,**,
#*,**,****,.....,,**,,
#.,,### *......,,**,,
*#.##.####......,,***,
#...Y†.........,,,**,
#..Y@..........,,,,,,
###.####..#....,,**,*
##* *###***.,*****
****


You could see 2 death yaks.

Vanquished Creatures
  2 boulder beetles (D:12)
  3 two-headed ogres
  7 death yaks
  A skyshark (Lair:3)
  A deep elf pyromancer (D:10)
  A phantasmal warrior (D:12)
  An ugly thing (D:13)
  5 manticores
  3 cyclopes
  6 elephants (Lair:2)
  A torpor snail (Lair:1)
  A gargoyle (D:11)
  4 cane toads
  3 komodo dragons
  A yaktaur (D:12)
  A kobold demonologist (D:11)
  2 trolls
  A hornet (D:10)
  5 blink frogs
  4 dream sheep (Lair:1)
  2 shadows (D:11)
  A centaur simulacrum (D:10)
  A vampire (D:12)
  A wraith (D:13)
  24 yaks
  4 basilisks
  2 wyverns
  2 steam dragons (D:8)
  8 vampire mosquitoes
  3 acid dragons
  8 water moccasins
  3 ice beasts
  3 orc warriors
  A sky beast (D:7)
  18 wolves
  3 centaurs (D:9)
  2 phantoms (D:5)
  6 kobold brigands
  A gnoll sergeant (D:9)
  4 bullfrogs
  5 scorpions
  14 wights
  14 killer bees
  5 howler monkeys
  2 lava snakes (Lair:2)
  2 hounds
  8 orc priests
  2 bombardier beetles
  3 jellies (D:6)
  A gnoll bouda (D:7)
  15 orc wizards
  An iguana (D:6)
  4 hell rats (D:9)
  8 gnolls
  10 adders
  3 shadow imps
  2 white imps (D:7)
  2 ufetubi (D:6)
  A dart slug (D:3)
  2 ribbon worms
  38 orcs
  7 bats
  6 endoplasms
  4 giant cockroaches
  4 goblins
  7 hobgoblins
  7 jackals
  27 kobolds
  10 quokkas
  7 ball pythons
  2 frilled lizards
  8 rats
381 creatures vanquished.

Vanquished Creatures (collateral kills)
  A skyshark (Lair:2)
  5 elephants (Lair:2)
6 creatures vanquished.

Vanquished Creatures (others)
  A salamander (Lair:2)
1 creature vanquished.

Grand Total: 388 creatures vanquished

Notes
Turn   | Place    | Note
-------+----------+-------------------------------------------
     0 | D:1      | hawla the Minotaur Berserker began the quest for the Orb.
     0 | D:1      | Reached XP level 1. HP: 19/19 MP: 0/0
    37 | D:1      | Reached XP level 2. HP: 16/26 MP: 1/1
   451 | D:1      | Reached skill level 5 in Axes
   456 | D:1      | Reached ** piety under Trog
   459 | D:1      | Reached XP level 3. HP: 31/31 MP: 2/2
  1309 | D:2      | Reached XP level 4. HP: 37/39 MP: 3/3
  1558 | D:3      | Identified the +10 quarterstaff "Dragonbane" {freeze, rPois
                  | Dex+3}
  1843 | D:3      | Found a transporter.
  1863 | D:3      | Found a transporter.
  1868 | D:3      | Noticed reddragon77's ghost (amateur HOFE)
  1908 | D:3      | Reached XP level 5. HP: 16/45 MP: 4/4
  2193 | D:3      | Reached *** piety under Trog
  2462 | D:4      | Reached skill level 1 in Staves
  2570 | D:4      | Reached XP level 6. HP: 40/51 MP: 5/5
  3035 | D:5      | Entered Level 5 of the Dungeon
  3038 | D:5      | Reached skill level 5 in Staves
  3057 | D:5      | Found a hide-covered altar of Uskayaw.
  3061 | D:5      | Reached XP level 7. HP: 54/57 MP: 6/6
  3264 | D:5      | Found a glowing golden altar of the Shining One.
  3463 | D:6      | Reached **** piety under Trog
  3535 | D:6      | Reached XP level 8. HP: 64/64 MP: 7/7
  3808 | D:6      | Reached skill level 10 in Staves
  3817 | D:6      | Found a staircase to the Ecumenical Temple.
  3928 | D:7      | Gained mutation: You occasionally lose the ability to read
                  | scrolls when taking damage. [potion of mutation]
  4078 | D:7      | Noticed a two-headed ogre
  4630 | D:7      | Killed a two-headed ogre
  4631 | D:7      | Reached XP level 9. HP: 48/70 MP: 8/8
  4937 | D:8      | Reached ***** piety under Trog
  5026 | D:8      | Reached skill level 5 in Armour
  5258 | D:8      | Reached XP level 10. HP: 77/77 MP: 9/9
  5824 | D:8      | You fall into a shaft and drop 3 floors!
  6046 | D:10     | Entered Level 10 of the Dungeon
  6072 | D:10     | Reached skill level 10 in Armour
  6140 | D:10     | Noticed a manticore
  6160 | D:10     | Killed a manticore
  6525 | D:9      | Found a staircase to the Lair.
  6525 | D:9      | Noticed a death yak
  6525 | D:9      | Noticed a death yak
  6529 | D:9      | Noticed a death yak
  6533 | D:9      | Killed a death yak
  6538 | D:9      | Killed a death yak
  6561 | D:9      | Killed a death yak
  6562 | D:9      | Reached XP level 11. HP: 29/82 MP: 10/10
  6782 | D:9      | Found a shadowy altar of Dithmenos.
  6933 | D:8      | Found a shimmering blue altar of Sif Muna.
  7650 | D:9      | Found a staircase to the Orcish Mines.
  7756 | D:10     | Noticed a deep elf pyromancer
  7764 | D:10     | Killed a deep elf pyromancer
  8243 | D:10     | Received a gift from Trog
  8572 | D:11     | Reached skill level 5 in Throwing
  8801 | D:11     | Reached skill level 1 in Evocations
  9598 | D:12     | Noticed a two-headed ogre
  9604 | D:12     | Killed a two-headed ogre
  9605 | D:12     | Reached skill level 5 in Dodging
  9646 | D:12     | Noticed a boulder beetle
  9661 | D:12     | Killed a boulder beetle
  9804 | D:12     | Reached XP level 12. HP: 93/93 MP: 11/11
  9907 | D:12     | Reached skill level 5 in Fighting
 10049 | D:12     | Found Publiuri's Distillery.
 10056 | D:12     | Noticed a two-headed ogre
 10057 | D:12     | Bought a potion of heal wounds for 75 gold pieces
 10057 | D:12     | Bought a potion of lignification for 45 gold pieces
 10057 | D:12     | Bought a potion of attraction for 45 gold pieces
 10057 | D:12     | Bought a potion of attraction for 45 gold pieces
 10057 | D:12     | Bought a potion of heal wounds for 75 gold pieces
 10057 | D:12     | Bought a potion of curing for 45 gold pieces
 10057 | D:12     | Bought a potion of resistance for 150 gold pieces
 10064 | D:12     | Killed a two-headed ogre
 10139 | D:12     | Noticed a boulder beetle
 10148 | D:12     | Killed a boulder beetle
 10287 | D:12     | Received a gift from Trog
 11060 | Lair:1   | Entered Level 1 of the Lair of Beasts
 11345 | Lair:1   | Reached skill level 10 in Fighting
 12133 | Lair:2   | Reached skill level 10 in Dodging
 12138 | Lair:2   | Reached XP level 13. HP: 55/113 MP: 12/12
 12321 | Lair:2   | Identified the +2 rapier of Mens Rea {heavy, rElec rC-
                  | Dex+5 Stlth+}
 12608 | Lair:2   | Reached skill level 5 in Evocations
 12769 | Lair:2   | Reached ****** piety under Trog
 12770 | Lair:2   | Identified a scroll of acquirement
 12770 | Lair:2   | Acquired the amulet of the Enemy {Reflect rPois rF- rCorr
                  | SH+5}
 12961 | Lair:2   | Found a staircase to the Snake Pit.
 13417 | Lair:2   | Found the amulet of Elemental Vulnerability {rPois rF--
                  | rC-- AC+8}
 13677 | Lair:3   | Received a gift from Trog
 13944 | Lair:3   | Found a staircase to the Shoals.
 14196 | Lair:3   | Reached skill level 10 in Axes
 14596 | Lair:4   | Found a viscous altar of Jiyva.
 14629 | Lair:4   | Slain by a death yak

Illustrated notes

Levels and vault maps discovered:
D:1:      elethiomel_arrival_quiet, layout_loops_ring, minmay_tromino_v7
D:2:      minmay_kobold_bridge, layout_basic
D:3:      layout_loops_corners, gammafunk_ghost_mausoleum
D:4:      layout_rooms
D:5:      layout_rooms, nicolae_uskayaw_murder_on_the_dancefloor,
          mainiacjoe_overflow_alcove_4
D:6:      layout_rooms, minmay_temple_entry_stoned_glass
D:7:      layout_rooms
D:8:      layout_layer_cave, lemuel_crystal_altar
D:9:      layout_roguey, nicolae_dithmenos_shadow_blocks, dpeg_lair_monsters,
          orc_0_dummy, kennysheep_donut, nrook_loot_triangle
D:10:     minmay_diamond_stairs, layout_basic, minmay_misc_feat_ornament,
          grunt_decor_mini_mirrors
D:11:     layout_basic
D:12:     layout_irregular_city, serial_shops, nicolae_shop_stone
D:13:     layout_roguey, hangedman_vaults_entry_quadrant_bands,
          nicolae_elemental_shop
Lair:1:   layout_misc_corridors, cheibrodos_lair_reptile_den,
          infiniplex_staircase_pool_2
Lair:2:   layout_layer_cave, nicolae_snake_entry_warm_welcome, serial_bayou,
          serial_bayou_shore_b, serial_bayou_shore_b, serial_bayou_pond_d,
          serial_bayou_lagoon_a, grunt_forest_large_clearings, lemuel_fruit_tree
Lair:3:   layout_chaotic_city, elwin_shoals_entry_rocks
Lair:4:   layout_regular_city, minmay_slime_entry_oklob_enclosed,
          nicolae_volcano_entry_lava_flow

Skill      XL: |  1  2  3  4  5  6  7  8  9 10 11 12 13 |
---------------+----------------------------------------+-----
Axes           | 4 5 6 7 11 | 11.0
Staves         | 4 6 9 12 14 | 14.0
Armour         | 7 13 14 | 14.0
Throwing       | 6 |  6.0
Evocations     | 3 4 5 |  5.0
Dodging        | 6 10 | 10.0
Fighting       | 4 10 | 10.0

Action                     |  1- 3 |  4- 6 |  7- 9 | 10-12 | 13-15 || total
---------------------------+-------+-------+-------+-------+-------++-------
  Melee: Hand axe          |   103 |    43 |       |       |       ||   146
         Headbutt          |    10 |    10 |    23 |    91 |    30 ||   164
         Punch             |       |     1 |       |     1 |     1 ||     3
         Quarterstaff      |       |    30 |   125 |   384 |    82 ||   621
         War axe           |       |       |       |    20 |    39 ||    59
  Throw: Dart              |       |       |     3 |    30 |       ||    33
 Invoke: Trog's Hand       |       |       |       |       |     1 ||     1
  Evoke: Wand              |       |       |    13 |    10 |     5 ||    28
         Phantom mirror    |       |       |       |       |     1 ||     1
    Use: Scroll            |     2 |       |    15 |     8 |     3 ||    28
         Potion            |       |       |     1 |     8 |       ||     9
   Stab: Sleeping          |     1 |       |       |       |       ||     1
         Distracted        |       |       |       |     1 |       ||     1
 Armour: Animal skin       |    43 |       |       |       |       ||    43
         Ring mail         |    16 |    30 |       |       |       ||    46
         Scale mail        |       |     3 |     3 |       |       ||     6
         Chain mail        |       |       |    84 |    65 |       ||   149
         Skin              |       |       |       |    12 |       ||    12
         Plate armour      |       |       |       |   308 |   130 ||   438
  Dodge: Dodged            |    81 |    42 |    53 |   184 |    70 ||   430
  Block: Other             |       |       |       |       |     8 ||     8
